 Dungeon Crawl Stone Soup version 0.28.0-43-g3370ac3207 (webtiles) character file.

Game seed: 15049108139045924737

16009 MacCMillion the Frost Mage (level 12, -24/89 (91) HPs)
             Began as a Gnoll Ice Elementalist on Mar 4, 2022.
             Was an Elder of Cheibriados.
             Killed from afar by a smoke demon (31 damage)
             ... with a ball of steam
             ... summoned by a boggart
             ... summoned by an orange crystal statue
             ... in a Gauntlet.
             The game lasted 00:45:26 (13648 turns).

MacCMillion the Frost Mage (GnIE)                  Turns: 13648, Time: 00:45:27

HP:   -24/89 (91)   AC:  0    Str: 18      XL:     12   Next: 33%
MP:   10/24         EV: 19    Int: 24 (27) God:    Cheibriados [****..]
Gold: 397           SH:  0    Dex: 25      Spells: 14/28 levels left

rFire   x x .      SeeInvis .   w - +6 trident of Xuddeba {drain, rElec rPois Dex+3}
rCold   + + .      Faith    .   (no shield)
rNeg    . . .      Spirit   .   s - +0 troll leather armour {Pargi}
rPois   +          Reflect  .   y - +0 helmet
rElec   +          Harm     .   (no cloak)
rCorr   .          Rampage  .   (no gloves)
Will    .....      NoTele   +   E - +0 pair of boots
Stlth   ++........              (no amulet)
HPRegen 1.04/turn               c - ring of ice
MPRegen 0.19/turn               M - ring of ice

@: confused, lethally poisoned (-24 -> -26), corroded, slowed, lightly drained,
very slow
A: fangs 1, strong nose, distributed training
a: Renounce Religion, Bend Time, Temporal Distortion, Slouch


You were in a Gauntlet.
You worshipped Cheibriados.
Cheibriados was greatly pleased with you.
You visited 3 branches of the dungeon, and saw 12 of its levels.
You also visited: Sewer, Ossuary and Gauntlet.

You collected 644 gold pieces.
You spent 247 gold pieces at shops.

Inventory:

Hand Weapons
 d - a +0 club
 w - the +6 trident of Xuddeba (weapon) {drain, rElec rPois Dex+3}
   (You found it on level 5 of the Dungeon)

   A truly terrible weapon, it drains the life of any living foe it strikes.
   Dex:       It affects your dexterity (+3).
   rElec:     It insulates you from electricity.
   rPois:     It protects you from poison.
 A - the +6 spear "Roanisem" {flame, rPois Str+4}
   (You found it on level 5 of the Dungeon)

   It burns those it strikes, dealing additional fire damage.
   Str:       It affects your strength (+4).
   rPois:     It protects you from poison.
 W - the +6 short sword "Senujuar" {elec, *Noise +Blink Str+6}
   (You found it on level 9 of the Dungeon)

   It occasionally discharges a powerful burst of electricity upon striking a
   foe.
   Str:       It affects your strength (+6).
   +Blink:    It lets you blink.
   *Noise:    It may make noises in combat.
Missiles
 u - 3 boomerangs
 v - 4 atropa-tipped darts
 B - a throwing net
 I - 8 curare-tipped darts
 O - 3 silver boomerangs
 U - 7 poisoned darts
Armour
 a - a +0 robe
 b - a +0 plate armour
 s - a +0 troll leather armour (worn) {Pargi}
 y - a +0 helmet (worn)
 E - a +0 pair of boots (worn)
 R - the +4 pair of boots of Spite {rF- rC+++ Dex+5}
   (You bought it in a shop on level 8 of the Dungeon)

   Dex:       It affects your dexterity (+5).
   rF:        It makes you vulnerable to fire.
   rC:        It renders you almost immune to cold.
Jewellery
 c - a ring of ice (left hand)
 g - a ring of resist corrosion
 G - an amulet of faith
 K - a ring of positive energy
 M - a ring of ice (right hand)
 X - a ring of poison resistance
Wands
 q - a wand of iceblast (22)
 r - a wand of paralysis (9)
 F - a wand of acid (8)
Scrolls
 i - 3 scrolls of enchant armour
 k - 6 scrolls of teleportation
 m - 3 scrolls of magic mapping
 n - 2 scrolls of amnesia
 t - a scroll of brand weapon
 C - 3 scrolls of noise
 H - a scroll of immolation
 J - 3 scrolls of blinking
 N - 4 scrolls of fear {unknown}
 Q - a scroll of enchant weapon {unknown}
 V - a scroll of silence {unknown}
 Y - a scroll of fog
Potions
 e - 2 potions of invisibility
 f - a potion of ambrosia {unknown}
 h - 11 potions of curing
 j - 5 potions of might
 l - 3 potions of haste
 o - 4 potions of mutation
 p - a potion of attraction
 x - 3 potions of lignification
 z - 5 potions of brilliance
 D - 3 potions of degeneration
 L - a potion of berserk rage {unknown}
 P - a potion of cancellation
 S - a potion of magic {unknown}
 T - 2 potions of heal wounds {unknown}


   Skills:
 + Level 7.2 Fighting
 + Level 7.2 Short Blades
 + Level 7.2 Long Blades
 + Level 7.2 Axes
 + Level 7.2 Maces & Flails
 + Level 7.2 Polearms
 + Level 7.2 Staves
 + Level 7.2 Slings
 + Level 7.2 Bows
 + Level 7.2 Crossbows
 + Level 7.2 Throwing
 + Level 7.2 Armour
 + Level 8.6 Dodging
 + Level 8.4 Stealth
 + Level 7.2 Shields
 + Level 7.2 Unarmed Combat
 + Level 8.8 Spellcasting
 + Level 6.0 Conjurations
 + Level 6.0 Hexes
 + Level 6.0 Summonings
 + Level 6.0 Necromancy
 + Level 6.0 Translocations
 + Level 6.0 Transmutations
 + Level 6.0 Fire Magic
 + Level 9.4 Ice Magic
 + Level 6.0 Air Magic
 + Level 6.0 Earth Magic
 + Level 6.0 Poison Magic
 + Level 7.9 Invocations
 + Level 7.2 Evocations


You had 14 spell levels left.
You knew the following spells:

 Your Spells              Type           Power      Damage    Failure   Level
a - Freeze                Ice            100%       1d11      1%          1
b - Frozen Ramparts       Ice            100%       1d12      1%          3
c - Ozocubu's Armour      Ice            90%        N/A       1%          3
d - Hailstorm             Conj/Ice       82%        3d17      2%          4
e - Summon Guardian Gole  Hex/Summ       39%        N/A       1%          3

Your spell library contained the following spells:

 Spells                   Type           Power      Damage    Failure   Level
 Magic Dart               Conj           100%       1d8       1%          1
 Summon Small Mammal      Summ           100%       N/A       1%          1
 Call Imp                 Summ           39%        N/A       1%          2
 Corpse Rot               Necr/Air       78%        N/A       1%          2
 Ensorcelled Hibernation  Hex/Ice        100%       N/A       1%          2
 Passwall                 Tmut/Erth      32%        N/A       1%          2
 Static Discharge         Conj/Air       39%        N/A       1%          2
 Call Canine Familiar     Summ           39%        N/A       1%          3
 Dazzling Flash           Conj/Hex       78%        N/A       1%          3
 Mephitic Cloud           Conj/Pois/Air  39%        N/A       1%          3
 Swiftness                Air            39%        N/A       1%          3
 Dispel Undead            Necr           39%        3d16      6%          4
 Iskenderun's Mystic Bla  Conj/Tloc      39%        2d9       6%          4
 Sticky Flame             Conj/Fire      39%        2d6       6%          4
 Death Channel            Necr           19%        N/A       65%         6
 Starburst                Conj/Fire      19%        6d7       65%         6


Dungeon Overview and Level Annotations

Branches:
Dungeon (9/15)             Temple (1/1) D:6            Lair (2/6) D:8
  Sewer (visited)         Ossuary (visited)         Gauntlet (1/1)
  Swamp: Lair:2-4    Shoals: Lair:2-4     Snake: Lair:2-4    Spider: Lair:2-4
    Orc: D:9-12

Altars:
Ashenzari
Cheibriados
Dithmenos
Elyvilon
Fedhas
Gozag
Hepliaklqana
Kikubaaqudgha
Makhleb
Nemelex Xobeh
Okawaru
Qazlal
Ru
Sif Muna
Trog
Uskayaw
Vehumet
Wu Jian
Xom
Yredelemnul
Zin
The Shining One

Shops:
D:1 (   D:8 [*?[

Annotations:
D:2 1 runed translucent door, Crazy Yiuf
D:3 Grinder, Natasha
D:4 3 exclusions
D:8 1 runed translucent door, MrShunz's ghost, novice DECj Gauntlet 9 transporters, exclusions: 2 lightning spires and orange crystal statue


Innate Abilities, Weirdness & Mutations

You have very sharp teeth.
Your uncanny sense of smell can sniff out nearby items.
Your experience applies equally to all skills.


Message History

The boggart mumbles some strange words.
You puncture something!
Reactivating autopickup.
The golden eye dissolves into shadows! x5; The hornet closely misses you.
The hornet misses you. The rust devil closely misses you. The boggart hits you.
The boggart gestures wildly while chanting. x2
The orange crystal statue glitters topaz in the dim dungeon light.
The orange crystal statue fixes its piercing gaze on you.
Something tries to feed on your intellect!
The hornet misses you.
You hit the orange crystal statue but do no damage.
The orange crystal statue is lightly damaged.
The hornet stings you!!
You are poisoned.
The rust devil hits you! The rust devil corrodes you! The boggart misses you.
The hornet stings you.
You puncture the boggart!
You kill the boggart!
The boggart dissolves into shadows!
You feel very sick. The hornet stings you!!
* * * LOW HITPOINT WARNING * * *
The rust devil hits you!
* * * LOW HITPOINT WARNING * * *
The rust devil corrodes you!
The boggart mumbles some strange words.
The hornet completely misses you.
The worldbinder calls forth creatures from the Vaults!
The orange crystal statue fixes its piercing gaze on you.
You feel your power leaking away.
You bump into the translucent stone wall.
You feel sick. The hornet stings you.
* * * LOW HITPOINT WARNING * * *
You feel yourself slow down.
The boggart gestures wildly while chanting.
The hornet closely misses you. The rust devil misses you.
The worldbinder calls forth creatures from the Vaults!
The smoke demon gestures at you. The ball of steam hits you!!
The steam scalds you terribly!
You die...

#####...###########...###########
......≈.............≈............
.....≈8§...........≈8≈...........
......§.............§............
#####...###########...###########
....#...#...#.....#...#.........#
.##.#...#..#..##..#...#.#.....#.#
##..#####..##..#4[#####..##.##.=#
#...#...#..#..##@3#...#..##.##.}#
#..©#©.©#..##©.#8y#©.©#..#.©.#.©#
#...#...#..#..##gB#...#..##.##.!#
##..#####..##..#yg#####..##.##..#
.##.#...#..#..##54#...#.#.....#.#
....#.8.#...#..54x#.8.#.........#
#####...###########...###########
.................................
.................................


You could see an orange crystal statue, a moth of wrath (summoned), an ice devil
(summoned), a rust devil (summoned), a worldbinder (summoned), a smoke demon
(summoned), a hornet (summoned, berserk), a death scarab (summoned), a red devil
(summoned), 2 boggarts and 2 crimson imps.

Vanquished Creatures
  A soul eater (Gauntlet)
  2 black mambas
  6 elephants (Lair:1)
  3 cane toads (Lair:1)
  3 komodo dragons (Lair:1)
  6 polar bears (Lair:1)
  A shadow (D:8)
  A wraith (Ossuary)
  A wyvern (D:9)
  21 yaks
  Eustachio (D:6)
  Menkaure (D:7)
  10 water moccasins
  Pargi (Sewer)
  2 orc warriors (D:8)
  3 ice beasts
  A sky beast (D:8)
  A necrophage (D:7)
  3 ogres (D:5)
  9 black bears
  3 centaurs
  A phantom (D:7)
  A kobold brigand (D:8)
  Blork the orc (D:6)
  7 bullfrogs
  3 scorpions
  A water moccasin zombie (D:5)
  A wyvern skeleton (D:6)
  A wyvern zombie (D:6)
  3 killer bees (D:9)
  4 wights
  7 electric eels (D:9)
  2 howler monkeys
  2 centaur zombies
  A bullfrog zombie (D:5)
  A hound (D:4)
  3 jellies
  3 orc priests
  A gnoll shaman (D:4)
  Jessica (D:2)
  Natasha (D:3)
  A centaur skeleton (D:5)
  5 iguanas
  6 orc wizards
  2 killer bee zombies
  A hound zombie (D:5)
  3 mummies (Ossuary)
  A howler monkey zombie (D:8)
  Robin (D:2)
  6 gnolls
  10 adders
  A howler monkey skeleton (D:6)
  3 shadow imps
  3 white imps
  An ufetubus (D:4)
  An adder skeleton (D:4)
  3 worms
  3 dart slugs
  19 orcs
  5 bats
  3 endoplasms (D:2)
  5 giant cockroaches
  12 goblins
  10 hobgoblins
  6 quokkas
  9 ball pythons
  12 frilled lizards
  A gnoll zombie (Ossuary)
  4 hobgoblin zombies (Ossuary)
  11 kobolds
  6 kobold zombies (Ossuary)
  2 rats
281 creatures vanquished.

Vanquished Creatures (others)
  A polar bear (Lair:1)
  A yak (Lair:1)
  4 fungi (Lair:1)
  11 plants
  2 withered plants (D:8)
19 creatures vanquished.

Grand Total: 300 creatures vanquished

Notes
Turn   | Place    | Note
-------+----------+-------------------------------------------
     0 | D:1      | MacCMillion the Gnoll Ice Elementalist began the quest for
                  | the Orb.
     0 | D:1      | Reached XP level 1. HP: 13/13 MP: 6/6
   279 | D:1      | Reached XP level 2. HP: 14/19 MP: 4/7
   523 | D:1      | Found Sebucacve's Antique Weapon Shop.
   976 | D:1      | Reached XP level 3. HP: 25/25 MP: 7/9
  1046 | D:1      | Reached skill level 5 in Spellcasting
  1480 | D:2      | Learned a level 3 spell: Frozen Ramparts
  1484 | D:2      | Learned a level 3 spell: Ozocubu's Armour
  1513 | D:2      | Reached skill level 1 in Invocations
  1526 | D:2      | Reached skill level 1 in Fighting
  1526 | D:2      | Reached skill level 1 in Short Blades
  1526 | D:2      | Reached skill level 1 in Long Blades
  1526 | D:2      | Reached skill level 1 in Axes
  1526 | D:2      | Reached skill level 1 in Maces & Flails
  1526 | D:2      | Reached skill level 1 in Polearms
  1526 | D:2      | Reached skill level 1 in Staves
  1526 | D:2      | Reached skill level 1 in Slings
  1526 | D:2      | Reached skill level 1 in Bows
  1526 | D:2      | Reached skill level 1 in Crossbows
  1526 | D:2      | Reached skill level 1 in Throwing
  1526 | D:2      | Reached skill level 1 in Armour
  1526 | D:2      | Reached skill level 1 in Shields
  1526 | D:2      | Reached skill level 1 in Unarmed Combat
  1526 | D:2      | Reached skill level 1 in Evocations
  1578 | D:2      | Reached XP level 4. HP: 23/32 MP: 6/11
  2014 | D:2      | Noticed Robin
  2017 | D:2      | Killed Robin
  2018 | D:2      | Reached skill level 1 in Conjurations
  2018 | D:2      | Reached skill level 1 in Hexes
  2018 | D:2      | Reached skill level 1 in Summonings
  2018 | D:2      | Reached skill level 1 in Necromancy
  2018 | D:2      | Reached skill level 1 in Translocations
  2018 | D:2      | Reached skill level 1 in Transmutations
  2018 | D:2      | Reached skill level 1 in Fire Magic
  2018 | D:2      | Reached skill level 1 in Air Magic
  2018 | D:2      | Reached skill level 1 in Earth Magic
  2018 | D:2      | Reached skill level 1 in Poison Magic
  2188 | D:2      | Noticed Jessica
  2197 | D:2      | Killed Jessica
  2198 | D:2      | Reached XP level 5. HP: 37/37 MP: 8/12
  2290 | D:2      | Found a runed translucent door.
  2291 | D:2      | Noticed Crazy Yiuf
  2759 | D:3      | Noticed Grinder
  3090 | D:3      | Noticed Natasha
  3095 | D:3      | Killed Natasha
  3209 | D:3      | Noticed Natasha
  3242 | D:3      | Reached XP level 6. HP: 44/44 MP: 8/14
  3463 | D:3      | Reached skill level 5 in Dodging
  3871 | D:4      | Found a glowing drain.
  3882 | Sewer    | Entered a sewer
  3987 | Sewer    | Noticed Pargi
  3995 | Sewer    | Killed Pargi
  3996 | Sewer    | Reached XP level 7. HP: 51/51 MP: 6/15
  4657 | D:4      | Reached skill level 5 in Stealth
  4836 | D:4      | Noticed a steam dragon
  5079 | D:4      | Found a basalt altar of Yredelemnul.
  5474 | D:5      | Entered Level 5 of the Dungeon
  5477 | D:5      | Identified the +6 trident of Xuddeba {drain, rElec rPois
                  | Dex+3}
  5480 | D:5      | Found a sand-covered staircase.
  5490 | Ossuary  | Entered an ossuary
  5490 | Ossuary  | Noticed a wraith
  5490 | Ossuary  | Noticed a wraith
  5490 | Ossuary  | Noticed a wraith
  5748 | Ossuary  | Noticed a wraith
  5776 | Ossuary  | Killed a wraith
  5777 | Ossuary  | Reached XP level 8. HP: 20/58 MP: 12/16
  6227 | D:5      | Identified the +6 spear "Roanisem" {flame, rPois Str+4}
  6739 | D:5      | Reached XP level 9. HP: 65/65 MP: 11/18
  6976 | D:6      | You fall into a shaft and drop 2 floors!
  7101 | D:7      | Reached skill level 8 in Ice Magic
  7428 | D:6      | Noticed Blork the orc
  7453 | D:6      | Killed Blork the orc
  7471 | D:6      | Found a shimmering blue altar of Sif Muna.
  7573 | D:6      | Found a staircase to the Ecumenical Temple.
  7599 | Temple   | Entered the Ecumenical Temple
  7859 | Temple   | Became a worshipper of Cheibriados the Contemplative
  8037 | D:6      | Noticed Eustachio
  8197 | D:6      | Learned a level 3 spell: Summon Guardian Golem
  8202 | D:6      | Learned a level 4 spell: Hailstorm
  8251 | D:6      | Killed Eustachio
  8337 | D:6      | Reached skill level 5 in Invocations
  8517 | D:7      | Found a sparkling altar of Nemelex Xobeh.
  8664 | D:7      | Noticed Menkaure
  8676 | D:7      | Killed Menkaure
  8952 | D:7      | Reached XP level 10. HP: 73/73 MP: 16/20
  9021 | D:7      | Found a glowing golden altar of the Shining One.
  9193 | D:8      | Reached skill level 5 in Fighting
  9193 | D:8      | Reached skill level 5 in Short Blades
  9193 | D:8      | Reached skill level 5 in Long Blades
  9193 | D:8      | Reached skill level 5 in Axes
  9193 | D:8      | Reached skill level 5 in Maces & Flails
  9193 | D:8      | Reached skill level 5 in Polearms
  9193 | D:8      | Reached skill level 5 in Staves
  9193 | D:8      | Reached skill level 5 in Slings
  9193 | D:8      | Reached skill level 5 in Bows
  9193 | D:8      | Reached skill level 5 in Crossbows
  9193 | D:8      | Reached skill level 5 in Throwing
  9193 | D:8      | Reached skill level 5 in Armour
  9193 | D:8      | Reached skill level 5 in Shields
  9193 | D:8      | Reached skill level 5 in Unarmed Combat
  9193 | D:8      | Reached skill level 5 in Evocations
  9311 | D:8      | Reached * piety under Cheibriados
  9328 | D:8      | Found a runed translucent door.
  9404 | D:8      | Noticed MrShunz's ghost (novice DECj)
  9504 | D:8      | Found a staircase to the Lair.
  9552 | D:8      | Found Sisaroh's Assorted Antiques.
  9552 | D:8      | Found Ynugir's Antique Armour Shop.
  9552 | D:8      | Found Oruinn's Magic Scroll Shop.
  9561 | D:8      | Found Mutaf's Antique Armour Shop.
  9636 | D:8      | Bought a pair of smouldering boots for 247 gold pieces
  9636 | D:8      | Identified the +4 pair of boots of Spite {rF- rC+++ Dex+5}
                  | (You bought it in a shop on level 8 of the Dungeon)
  9883 | D:8      | Found a hide-covered altar of Uskayaw.
 10499 | D:9      | Reached ** piety under Cheibriados
 10808 | D:9      | Found a glowing silver altar of Zin.
 11593 | D:9      | Identified the +6 short sword "Senujuar" {elec, *Noise
                  | +Blink Str+6}
 11630 | Lair:1   | Entered Level 1 of the Lair of Beasts
 11633 | Lair:1   | Noticed an elephant
 11633 | Lair:1   | Noticed an elephant
 11633 | Lair:1   | Noticed an elephant
 11633 | Lair:1   | Noticed an elephant
 11641 | Lair:1   | Noticed a black mamba
 11646 | Lair:1   | Killed a black mamba
 11656 | Lair:1   | Killed an elephant
 11666 | Lair:1   | Noticed an elephant
 11666 | Lair:1   | Noticed an elephant
 11736 | Lair:1   | Reached XP level 11. HP: 81/81 MP: 16/22
 11796 | Lair:1   | Reached skill level 5 in Conjurations
 11796 | Lair:1   | Reached skill level 5 in Hexes
 11796 | Lair:1   | Reached skill level 5 in Summonings
 11796 | Lair:1   | Reached skill level 5 in Necromancy
 11796 | Lair:1   | Reached skill level 5 in Translocations
 11796 | Lair:1   | Reached skill level 5 in Transmutations
 11796 | Lair:1   | Reached skill level 5 in Fire Magic
 11796 | Lair:1   | Reached skill level 5 in Air Magic
 11796 | Lair:1   | Reached skill level 5 in Earth Magic
 11796 | Lair:1   | Reached skill level 5 in Poison Magic
 11810 | Lair:1   | Reached *** piety under Cheibriados
 12022 | Lair:1   | Reached skill level 9 in Ice Magic
 12634 | Lair:1   | Reached XP level 12. HP: 84/89 MP: 10/24
 12635 | Lair:1   | Reached **** piety under Cheibriados
 13285 | Lair:2   | Found a gate leading to a gauntlet.
 13295 | Gauntlet | Entered a Gauntlet
 13295 | Gauntlet | Found a transporter.
 13295 | Gauntlet | Found a transporter.
 13297 | Gauntlet | Noticed a soul eater
 13299 | Gauntlet | Found a transporter.
 13300 | Gauntlet | Found a transporter.
 13309 | Gauntlet | Found a transporter.
 13313 | Gauntlet | Found a transporter.
 13323 | Gauntlet | Found a transporter.
 13324 | Gauntlet | Noticed a green death
 13415 | Gauntlet | Found a transporter.
 13417 | Gauntlet | Found a transporter.
 13427 | Gauntlet | Found a transporter.
 13429 | Gauntlet | Found a transporter.
 13441 | Gauntlet | Found a transporter.
 13542 | Gauntlet | Killed a soul eater
 13635 | Gauntlet | Identified the +0 pair of gloves of the Land of Plenty
                  | {+Blink rN+}
 13638 | Gauntlet | Noticed a death scarab
 13648 | Gauntlet | Killed from afar by a smoke demon

Illustrated notes

Levels and vault maps discovered:
D:1:      elethiomel_arrival_quiet, layout_basic, serial_corexii_hall,
          corexii_hall_statues_s, corexii_hall_statues_l, serial_shops, shop
D:2:      layout_loops_ring, chequers_serial_rivers_micro_c, roderic_lattice_a,
          minmay_lizard_pond, uniq_crazy_yiuf_cottage, uniq_jessica, uniq_robin
D:3:      layout_loops_ring, hex_large, amethyst_killhole, grunt_ministairs_9,
          uniq_natasha, uniq_grinder
D:4:      layout_loops_corners, lemuel_doored_altar, portal_sewer_entry_d,
          serial_park_tiny_pond, nzn_random_ring
D:5:      minmay_spotlight, layout_basic, enter_ossuary_1, minmay_bent
D:6:      layout_basic, tgw_sif, minmay_temple_entry_statues_pillars,
          serial_curves, eino_curves_04, eino_curves_04, minmay_misc_feat_cross,
          uniq_eustachio
D:7:      nicolae_cairo_tiling, layout_basic, tso_altar, nemelex_altar_shiori,
          uniq_menkaure
D:8:      layout_loops_ring, nicolae_uskayaw_dance_studio, lair_entry_dummy,
          gammafunk_ghost_grave, minmay_shop_grid_forest, minmay_misc_feat_tower
D:9:      layout_loops_corners, zin_scriptorium, chequers_big_river
Temple:   compressed_dpeg_circular_temple
Lair:1:   beast_lair_carwin_large_4, layout_misc_corridors,
          serial_bayou_shore_a, grunt_megastairs_2
Lair:2:   layout_layer_cave, minmay_swamp_entry_swarm, gauntlet_entry_generic,
          uniq_nergalle
Gauntlet: gammafunk_gauntlet_hard_choice [gammafunk_gauntlet_arena_split_x,
          gammafunk_gauntlet_arena_split_diamond,
          gammafunk_gauntlet_arena_teeth, nicolae_gauntlet_arena_quarters,
          nicolae_gauntlet_arena_blocks, gammafunk_gauntlet_arena_open,
          nicolae_gauntlet_exit_dead_adventurers]

Skill      XL: |  1  2  3  4  5  6  7  8  9 10 11 12 |
---------------+-------------------------------------+-----
Spellcasting   | 5 6 7 8 |  8.8
Invocations    | 1 2 3 4 5 6 7 |  7.9
Fighting       | 1 2 3 4 5 6 7 |  7.2
Short Blades   | 1 2 3 4 5 6 7 |  7.2
Long Blades    | 1 2 3 4 5 6 7 |  7.2
Axes           | 1 2 3 4 5 6 7 |  7.2
Maces & Flails | 1 2 3 4 5 6 7 |  7.2
Polearms       | 1 2 3 4 5 6 7 |  7.2
Staves         | 1 2 3 4 5 6 7 |  7.2
Slings         | 1 2 3 4 5 6 7 |  7.2
Bows           | 1 2 3 4 5 6 7 |  7.2
Crossbows      | 1 2 3 4 5 6 7 |  7.2
Throwing       | 1 2 3 4 5 6 7 |  7.2
Armour         | 1 2 3 4 5 6 7 |  7.2
Shields        | 1 2 3 4 5 6 7 |  7.2
Unarmed Combat | 1 2 3 4 5 6 7 |  7.2
Evocations     | 1 2 3 4 5 6 7 |  7.2
Conjurations   | 1 2 3 4 5 6 |  6.0
Hexes          | 1 2 3 4 5 6 |  6.0
Summonings     | 1 2 3 4 5 6 |  6.0
Necromancy     | 1 2 3 4 5 6 |  6.0
Translocations | 1 2 3 4 5 6 |  6.0
Transmutations | 1 2 3 4 5 6 |  6.0
Fire Magic     | 1 2 3 4 5 6 |  6.0
Air Magic      | 1 2 3 4 5 6 |  6.0
Earth Magic    | 1 2 3 4 5 6 |  6.0
Poison Magic   | 1 2 3 4 5 6 |  6.0
Dodging        | 5 6 7 8 |  8.6
Stealth        | 5 6 7 8 |  8.4
Ice Magic      | 8 9 |  9.4

Action                   |  1- 3 |  4- 6 |  7- 9 | 10-12 || total
-------------------------+-------+-------+-------+-------++-------
Melee: Unarmed           |     6 |       |       |       ||     6
       Short sword       |     5 |    19 |    13 |       ||    37
       Club              |     3 |       |       |       ||     3
       Bite              |     1 |       |    37 |    35 ||    73
       Trident           |       |       |   241 |   272 ||   513
       Punch             |       |       |    11 |    11 ||    22
Throw: Dart              |       |     1 |    14 |     2 ||    17
       Boomerang         |       |       |     2 |     5 ||     7
 Cast: Freeze            |    40 |    31 |    27 |       ||    98
       Frozen Ramparts   |     1 |    14 |    15 |    42 ||    72
       Ozocubu's Armour  |       |     1 |    21 |    37 ||    59
       Hailstorm         |       |       |       |    12 ||    12
       Summon Guardian G |       |       |       |     4 ||     4
Invok: Bend Time         |       |       |       |     1 ||     1
  Use: Scroll            |       |       |    15 |     1 ||    16
       Potion            |       |       |     2 |     4 ||     6
 Stab: Sleeping          |     2 |     9 |    11 |       ||    22
Armor: Robe              |     5 |    10 |       |       ||    15
       Troll leather arm |       |       |    91 |    99 ||   190
Dodge: Dodged            |    33 |    26 |   189 |   300 ||   548
